AoeStats
← AgentMars

Nomad

509691932Analyzed
3v3 RM · 5d ago on Sep 27, 2026· 49m 31s· 6 players
Game mode
Random Map
Map size
210×210
Population
200
Speed
Normal
Resources
Standard
Victory
Conquest
Starting age
Dark Age
Ending age
Imperial Age
RankedLock teamsTeams togetherTeam positionsShared explorationLock speedFull tech treeHidden civsTurbo modeCheats
Victory
Defeat
🇬🇧 Italians · United Kingdom
1235
+13
🇩🇪 Vietnamese · Germany
1151
+16
🇩🇪 Persians · Germany
1131
+16
🇹🇼 Danes · Taiwan
1158
-15
🇹🇼 Franks · Taiwan
1158
-15
🇹🇼 Mongols · Taiwan
1156
-15
loveerika1986
9:23 Loom
15:15 Feudal Age
17:42 Fletching
23:50 Castle Age
24:15 Scale Mail Armor
26:51 Double-Bit Axe
27:28 Horse Collar
28:33 Chain Mail Armor
29:15 Squires
29:27 Forging
32:06 Bow Saw
34:34 Iron Casting
34:44 Wheelbarrow
34:32 Arson
35:43 Hand Cart
39:58 Imperial Age
39:54 Gold Mining
41:39 Gold Shaft Mining
42:24 Elite Varangian Guard
42:29 Hamask
43:55 Stone Mining
44:35 Onager
AgentMars
7:27 Loom
13:24 Feudal Age
14:35 Double-Bit Axe
19:47 Castle Age
19:03 Padded Archer Armor
18:54 Fletching
21:59 Gold Mining
23:45 Gold Shaft Mining
25:12 Ballistics
25:02 Horse Collar
25:42 Bodkin Arrow
30:32 Town Watch
31:10 Bloodlines
31:02 Husbandry
35:03 Pikeman
35:06 Elite Skirmisher
39:05 Imperial Age
37:16 Leather Archer Armor
39:27 Thumb Ring
40:11 Conscription
44:03 Wheelbarrow
43:29 Town Patrol
43:46 Bracer
43:52 Scale Barding Armor
45:32 Chemistry
46:48 Chain Barding Armor
Liu
6:45 Loom
15:29 Feudal Age
19:44 Castle Age
18:43 Double-Bit Axe
18:50 Fletching
20:59 Medium Warships
20:47 Bodkin Arrow
42:59 Imperial Age
44:18 Wheelbarrow
43:28 Town Watch
44:56 Cavalier
45:37 Husbandry
Tom Bombadil's Chode
5:32 Loom
13:18 Feudal Age
19:24 Castle Age
17:49 Fishing Lines
21:57 Fletching
22:06 Double-Bit Axe
22:44 Bodkin Arrow
23:32 Bow Saw
24:58 Medium Warships
24:48 Horse Collar
32:30 Imperial Age
30:51 Padded Archer Armor
32:04 Ballistics
34:38 Chemistry
33:46 Bracer
34:01 Leather Archer Armor
34:47 Wheelbarrow
35:52 Hand Cart
36:26 Conscription
41:19 Elite Genoese Crossbowman
42:09 Thumb Ring
48:31 Ring Archer Armor
Bear
12:53 Feudal Age
16:52 Castle Age
15:13 Double-Bit Axe
17:11 Fishing Lines
18:16 Scale Barding Armor
18:27 Bow Saw
20:29 Horse Collar
21:29 Forging
24:31 Chain Barding Armor
28:39 Iron Casting
29:32 Husbandry
31:11 Bloodlines
32:54 Wheelbarrow
33:49 Gold Mining
36:47 Heavy Plow
37:13 Hand Cart
38:12 Herbal Medicine
42:52 Imperial Age
41:08 Stone Mining
41:54 Gold Shaft Mining
42:32 Cavalier
43:48 Plate Barding Armor
44:16 Chemistry
43:41 Ballistics
45:30 Fletching
46:40 Blast Furnace
45:49 Savar
48:04 Conscription
way2greedy
16:38 Feudal Age
21:39 Castle Age
21:16 Horse Collar
21:47 Fletching
22:14 Crossbowman
23:01 Padded Archer Armor
25:08 Thumb Ring
26:25 Gold Mining
28:26 Stone Mining
32:10 Ballistics
37:21 Bodkin Arrow
37:42 Leather Archer Armor
42:44 Imperial Age
41:34 Wheelbarrow
40:45 Loom
45:20 Arbalester
46:04 Bracer
46:34 Ring Archer Armor
45:38 Elite Skirmisher
48:01 Masonry
49:13 Hand Cart
Connection lost

Rejoining the realm…

Still unreachable

The connection could not be restored.

Session expired

The server has moved on; the page needs a fresh start.